 Dungeon Sprint DCSS version 0.24.0-13-gcf9b319 (webtiles) character file.

Game seed: 8481121719569871232, levelgen mode: deterministic

51037 Fang the Warrior (level 14, 0/177 HPs)
             Began as a Gargoyle Berserker on Dec 9, 2019.
             Was the Champion of Trog.
             Slain by a death scarab (9 damage)
             ... summoned by a greater mummy
             ... in the Dungeon (Sprint V: "Ziggurat Sprint").
             The game lasted 00:05:18 (1838 turns).

Fang the Warrior (Gargoyle Berserker)               Turns: 1838, Time: 00:05:18

Health: 0/177      AC: 50    Str: 36    XL:     14   Next: 57%
Magic:  14/14      EV: 13    Int:  9    God:    Trog [******]
Gold:   0          SH: 34    Dex: 11    Spells: 13/13 levels left

rFire    . . .     SeeInvis .   a - +8 broad axe (protect)
rCold    . . .     Gourm    .   E - +18 shield of the Gong {rElec rN+ MR+ EV-5}
rNeg     + + .     Faith    .   b - +15 Maxwell's patent armour {-Cast -Tele rElec MR+ rCorr}
rPois    ∞         Spirit   .   (no helmet)
rElec    +         Reflect  .   (no cloak)
rCorr    +         Harm     .   (no gloves)
MR       +++..     NoTele   +   (no boots) Stlth ..........NoCast +
                                I - amulet of Vitality {Regen+ HP+15}
HPRegen  0.79/turn              D - +6 ring of strength
MPRegen  0.14/turn              o - ring of Autumn {EV+3 Dex+2}

@: berserking, protection aura, slowed
A: big wings, negative energy resistance 1, electricity resistance, unbreathing,
petrification resistance, rot immunity, AC +10
a: Fly, Berserk, Trog's Hand, Brothers in Arms, Renounce Religion


You were in the Dungeon.
You worshipped Trog.
Trog was exalted by your worship.
You were near starving.

You visited 1 branch

Inventory:

Hand Weapons
 a - a +8 broad axe of protection (weapon)
 y - a +2 broad axe of venom
 A - a +8 antimagic broad axe
Armour
 b - the +15 Maxwell's patent armour (worn) {-Cast -Tele rElec MR+ rCorr}
   (You found it in the Dungeon)

   It insulates you from electricity.
   It affects your resistance to hostile enchantments.
   It prevents spellcasting.
   It prevents most forms of teleportation.
   It provides partial protection from all sources of acid and corrosion.
 E - the +18 shield of the Gong (worn) {rElec rN+ MR+ EV-5}
   (You found it in the Dungeon)

   It affects your evasion (-5).
   It insulates you from electricity.
   It protects you from negative energy.
   It affects your resistance to hostile enchantments.
Jewellery
 o - the ring of Autumn (right hand) {EV+3 Dex+2}
   (You found it in the Dungeon)

   [ring of evasion]

   It affects your evasion (+3).
   It affects your dexterity (+2).
 r - a cursed ring of stealth
 z - an uncursed amulet of faith
 D - a +6 ring of strength (left hand)
 I - the amulet of Vitality (around neck) {Regen+ HP+15}
   (You took it off a spriggan berserker in the Dungeon)

   [amulet of regeneration]

   It affects your health (+15).
   It increases your rate of regeneration.
 J - the macabre finger necklace {rN+}
   (You found it in the Dungeon)

   [amulet of nothing]

   It protects you from negative energy.
Wands
 u - a wand of disintegration (7)
 v - a wand of iceblast (7)
 w - a wand of acid (7)
Scrolls
 g - 2 scrolls of brand weapon
 i - 4 scrolls of blinking
 j - 8 scrolls of fog
 k - a scroll of holy word
 l - 5 scrolls of identify
 m - 5 scrolls of remove curse
 n - 2 scrolls of fear
Potions
 d - 10 potions of curing
 e - 18 potions of heal wounds
 f - 6 potions of haste
 h - 3 potions of berserk rage
 p - 2 potions of invisibility
 q - 4 potions of resistance
 s - 6 potions of agility
 t - 6 potions of might
Comestibles
 c - 7 rations
 x - 48 chunks of flesh


   Skills:
 + Level 17.8 Fighting
 + Level 15.3 Axes
 + Level 17.6 Armour
 + Level 14.1 Dodging
 + Level 17.5 Shields


You had 13 spell levels left.
You didn't know any spells.
Your spell library was empty.

Dungeon Overview and Level Annotations

Branches:
Dungeon (1/1)

Altars:
Ashenzari
Cheibriados
Dithmenos
Elyvilon
Fedhas
Gozag
Hepliaklqana
Kikubaaqudgha
Makhleb
Nemelex Xobeh
Okawaru
Qazlal
Ru
Sif Muna
Trog
Uskayaw
Vehumet
Wu Jian
Xom
Yredelemnul
Zin
The Shining One
Beogh
Jiyva
Lugonu

Annotations:
D 1 transporter


Innate Abilities, Weirdness & Mutations

You are resistant to torment.
Your stone body is resilient. (AC +10)
You are immune to poison.
Your large and strong wings let you fly indefinitely.
You resist negative energy. (rN+)
You are resistant to electric shocks. (rElec)
You can survive without breathing.
You are immune to petrification.
You are immune to rotting.


Message History

The greater mummy gestures wildly while chanting.
The greater mummy hits you but does no damage.
You barely miss the mummy priest.
The mummy priest is almost destroyed.
You slash the greater mummy!
Your Maxwell's patent armour prevents you from hitting the wight.
You barely miss the death scarab. You slice the shadow!!
You destroy the shadow!
You closely miss something. You slice the bat zombie!!
You destroy the bat zombie!
You slice the greater mummy!! Something hits you but does no damage.
Deactivating autopickup; reactivate with Ctrl-A.
You block the death scarab's attack.
GONNNNG!
You block the wight's attack.
GONNNNG!
You block the greater mummy's attack.
BOUMMMMG!
The death scarab bites you!
You die...

▓▓▓▓▓▓▓▓▓▓▓▓▓▓▓..=)}=.):
▓.....8©8.....▓...[}|}:|
▓..)[}}"}).|..▓.........
▓..}.[}|.:)[..▓.........
▓......MZZ....▓.....))..
▓....ZMssMs...▓.....)...
▓...MMMV.MM...▓..▓..)..▓
▓....WMMM.s...▓.▓▓▓...▓▓
▓...zM.@zs....▓..▓.....▓
▓..▓z.{ss..▓..▓.....©)..
▓ ▓.▓.....▓.▓ ▓▓▓▓▓▓▓▓▓▓
▓..▓.......▓..▓....8©8..
▓.............▓...=)):..
▓......©......▓...)[.[:.
▓▓▓▓▓▓▓▓▓▓▓▓▓▓▓........b
▓......... ▓.........


You could see 3 greater mummies, 4 emperor scorpions, a mummy priest, a
jiangshi, a guardian mummy, a freezing wraith, 3 death scarabs, 7 mummies, 3
wights, 2 bat simulacra and a bat zombie.

Vanquished Creatures
  A greater mummy (D)
  A thorn hunter (D)
  A nagaraja (D)
  3 reapers (D)
  2 stone giants (D)
  2 spriggan air magi (D)
  A shambling mangrove (D)
  2 anacondas (D)
  2 hydras (D)
  A death scarab (D)
  2 orc high priests (D)
  2 spriggan berserkers (D)
  3 spriggans (D)
  A spriggan druid (D)
  An orc knight (D)
  2 oklob plants (D)
  2 orc sorcerers (D)
  2 cyclopes (D)
  2 draconians (D)
  2 rust devils (D)
  A black mamba (D)
  2 guardian serpents (D)
  4 yaktaurs (D)
  An ice devil (D)
  A tormentor (D)
  2 guardian mummies (D)
  A troll (D)
  A red devil (D)
  6 merfolk (D)
  4 hornets (D)
  4 hippogriffs (D)
  A wind drake (D)
  A slime creature (D)
  2 flying skulls (D)
  A wyvern (D)
  4 steam dragons (D)
  A golden eye (D)
  4 wargs (D)
  A naga (D)
  6 acid dragons (D)
  2 hell hounds (D)
  A water moccasin (D)
  2 swamp drakes (D)
  12 orc warriors (D)
  4 black bears (D)
  3 ogres (D)
  4 centaurs (D)
  4 wolves (D)
  A quasit (D)
  2 orc priests (D)
  An iron imp (D)
  A jelly (D)
  An orc wizard (D)
  A mummy (D)
  An adder (D)
  3 ufetubi (D)
  An ooze (D)
  2 adder skeletons (D)
  An orc (D)
  2 ball pythons (D)
  2 bat skeletons (D)
  2 leopard gecko zombies (D)
  A quokka zombie (D)
137 creatures vanquished.

Vanquished Creatures (others)
  A wyvern (D)
  An adder (D)
2 creatures vanquished.

Grand Total: 139 creatures vanquished

Notes
Turn   | Place    | Note
-------+----------+-------------------------------------------
     0 | D        | Fang the Gargoyle Berserker began the quest for the Orb.
     0 | D        | Reached XP level 1. HP: 14/14 MP: 1/1
     1 | D        | Found a blossoming altar of Fedhas.
     2 | D        | Found the +6 Majin-Bo {vamp, Archmagi MP+6 Int+6}
     2 | D        | Found the +7 great mace "Firestarter" {inner flame, rF++}
     2 | D        | Found a viscous altar of Jiyva.
     2 | D        | Found a transporter.
     2 | D        | Found a hazy altar of Hepliaklqana.
     2 | D        | Found an ancient bone altar of Kikubaaqudgha.
     2 | D        | Found an opulent altar of Gozag.
     2 | D        | Found a corrupted altar of Lugonu.
    15 | D        | Found a burning altar of Makhleb.
    17 | D        | Found a stormy altar of Qazlal.
    17 | D        | Found an iron altar of Okawaru.
    17 | D        | Found a sacrificial altar of Ru.
    17 | D        | Found a sparkling altar of Nemelex Xobeh.
    17 | D        | Found a shimmering blue altar of Sif Muna.
    17 | D        | Found a bloodstained altar of Trog.
    24 | D        | Found the +9 heavy crossbow "Sniper" {velocity, Acc+∞ SInv}
    24 | D        | Found the +10 dark maul {crush}
    24 | D        | Found the +15 Maxwell's patent armour {-Cast -Tele rElec
                  | MR+ rCorr}
    24 | D        | Found the +18 shield of the Gong {rElec rN+ MR+ EV-5}
    24 | D        | Found the cursed +14 obsidian axe {chop, +Fly SInv *Curse}
    79 | D        | Entered arena 2.
    79 | D        | Noticed a draconian
    79 | D        | Noticed a draconian
    79 | D        | Found a transporter.
    89 | D        | Killed a draconian
    89 | D        | Reached skill level 5 in Dodging
    89 | D        | Reached XP level 2. HP: 24/24 MP: 2/2
    89 | D        | Reached XP level 3. HP: 28/28 MP: 3/3
    89 | D        | Reached XP level 4. HP: 34/34 MP: 4/4
    89 | D        | Reached XP level 5. HP: 38/38 MP: 5/5
    89 | D        | Reached XP level 6. HP: 44/44 MP: 6/6
    90 | D        | Killed a draconian
    90 | D        | Reached XP level 7. HP: 50/50 MP: 7/7
   169 | D        | Entered arena 3.
   169 | D        | Found a transporter.
   174 | D        | Reached ** piety under Trog
   187 | D        | Entered arena 4.
   187 | D        | Noticed a golden eye
   187 | D        | Noticed a slime creature
   187 | D        | Found a transporter.
   194 | D        | Reached *** piety under Trog
   194 | D        | Reached XP level 8. HP: 42/56 MP: 8/8
   197 | D        | Killed a slime creature
   270 | D        | Got the ring of Autumn {EV+3 Dex+2}
   275 | D        | Entered arena 5.
   275 | D        | Noticed a yaktaur
   275 | D        | Noticed a yaktaur
   275 | D        | Noticed a yaktaur
   275 | D        | Noticed a yaktaur
   275 | D        | Found a transporter.
   281 | D        | Killed a yaktaur
   282 | D        | Killed a yaktaur
   282 | D        | Reached **** piety under Trog
   282 | D        | Reached skill level 10 in Fighting
   285 | D        | Killed a yaktaur
   285 | D        | Reached skill level 10 in Armour
   285 | D        | Reached XP level 9. HP: 63/63 MP: 9/9
   289 | D        | Killed a yaktaur
   289 | D        | Reached skill level 10 in Shields
   358 | D        | Entered arena 6.
   358 | D        | Found a transporter.
   364 | D        | Reached ***** piety under Trog
   378 | D        | Entered arena 7.
   378 | D        | Noticed a spriggan rider
   379 | D        | Identified the +10 quarterstaff of the Kidney {crush, rN++
                  | MR+ Int+3}
   379 | D        | Found a transporter.
   385 | D        | Killed a spriggan rider
   385 | D        | Killed a hornet
   385 | D        | Reached XP level 10. HP: 70/70 MP: 10/10
   393 | D        | Reached skill level 10 in Axes
   396 | D        | Received a gift from Trog
   423 | D        | Entered arena 8.
   424 | D        | Found a transporter.
   428 | D        | Reached ****** piety under Trog
   497 | D        | Entered arena 9.
   498 | D        | Identified the cursed +2 triple sword of the Depths {holy,
                  | rPois}
   498 | D        | Found a transporter.
   508 | D        | Received a gift from Trog
   600 | D        | Entered arena 10.
   600 | D        | Noticed a cyclops
   601 | D        | Found a transporter.
   608 | D        | Received a gift from Trog
   613 | D        | Killed a cyclops
   613 | D        | Reached skill level 10 in Dodging
   613 | D        | Reached XP level 11. HP: 48/77 MP: 11/11
   635 | D        | Received a gift from Trog
   789 | D        | Entered arena 11.
   796 | D        | Received a gift from Trog
   806 | D        | Found a transporter.
   828 | D        | Entered arena 12.
   829 | D        | Found the +8 demon blade "Leech" {vamp, rN+ AC-3 EV-3}
   829 | D        | Noticed a four-headed hydra
   829 | D        | Noticed a five-headed hydra
   831 | D        | Found a transporter.
   838 | D        | Killed an 11-headed hydra
   838 | D        | Received a gift from Trog
   845 | D        | Killed a 16-headed hydra
   852 | D        | Received a gift from Trog
  1021 | D        | Entered arena 13.
  1021 | D        | Noticed an anaconda
  1021 | D        | Noticed a nagaraja
  1023 | D        | Found a transporter.
  1032 | D        | Received a gift from Trog
  1037 | D        | Killed an anaconda
  1037 | D        | Killed a nagaraja
  1219 | D        | Entered arena 14.
  1220 | D        | Noticed an anaconda
  1220 | D        | Noticed a spriggan berserker
  1220 | D        | Noticed a shambling mangrove
  1220 | D        | Noticed a spriggan air mage
  1220 | D        | Noticed a thorn hunter
  1220 | D        | Noticed a spriggan air mage
  1221 | D        | Noticed a spriggan druid
  1221 | D        | Noticed an oklob plant
  1221 | D        | Noticed an oklob plant
  1221 | D        | Noticed a spriggan berserker
  1224 | D        | Noticed a death yak
  1224 | D        | Killed an anaconda
  1224 | D        | Reached XP level 12. HP: 86/86 MP: 12/12
  1225 | D        | Killed a spriggan air mage
  1225 | D        | Received a gift from Trog
  1230 | D        | Killed a spriggan berserker
  1233 | D        | Reached skill level 15 in Fighting
  1235 | D        | Killed a spriggan air mage
  1236 | D        | Killed a spriggan berserker
  1236 | D        | Received a gift from Trog
  1236 | D        | Reached skill level 15 in Armour
  1239 | D        | Killed a shambling mangrove
  1239 | D        | Killed a thorn hunter
  1239 | D        | Reached skill level 15 in Shields
  1244 | D        | Found a transporter.
  1310 | D        | Reached XP level 13. HP: 93/93 MP: 4/13
  1319 | D        | Entered arena 15.
  1320 | D        | Noticed a reaper
  1320 | D        | Noticed a reaper
  1320 | D        | Noticed a reaper
  1322 | D        | Found the macabre finger necklace {rN+}
  1324 | D        | Found a transporter.
  1328 | D        | Received a gift from Trog
  1336 | D        | Killed a reaper
  1336 | D        | Received a gift from Trog
  1345 | D        | Killed a reaper
  1347 | D        | Killed a reaper
  1347 | D        | Gained mutation: Your large and strong wings let you fly
                  | indefinitely. [Gargoyle growth]
  1347 | D        | Reached XP level 14. HP: 34/100 MP: 7/14
  1639 | D        | Entered arena 16.
  1647 | D        | Noticed a stone giant
  1653 | D        | Received a gift from Trog
  1658 | D        | Received a gift from Trog
  1659 | D        | Killed a stone giant
  1666 | D        | Found a transporter.
  1701 | D        | Entered arena 17.
  1709 | D        | Received a gift from Trog
  1710 | D        | Noticed a stone giant
  1720 | D        | Received a gift from Trog
  1725 | D        | Killed a stone giant
  1738 | D        | Received a gift from Trog
  1769 | D        | Found a transporter.
  1816 | D        | Entered arena 18.
  1819 | D        | Noticed a greater mummy
  1819 | D        | Noticed a greater mummy
  1820 | D        | Noticed a greater mummy
  1820 | D        | Noticed a greater mummy
  1821 | D        | Found a transporter.
  1831 | D        | Noticed an emperor scorpion
  1831 | D        | Noticed an emperor scorpion
  1831 | D        | Noticed an emperor scorpion
  1831 | D        | Noticed an emperor scorpion
  1833 | D        | Reached skill level 15 in Axes
  1835 | D        | Killed a greater mummy
  1835 | D        | Received a gift from Trog
  1836 | D        | HP: 8/177 [greater mummy (5)]
  1838 | D        | Slain by a death scarab

Levels and vault maps discovered:
D:        sprint_v [room_start, room_1, room_2, room_3, room_4, room_5, room_6,
          room_7, room_8, room_9, room_10, room_11, room_12, room_13, room_14,
          room_15, room_16, room_17, room_18, room_19, room_20, room_21,
          room_22, room_23, room_24, room_25, room_26, room_27]

Skill      XL: |  1  2  3  4  5  6  7  8  9 10 11 12 13 14 |
---------------+-------------------------------------------+-----
Fighting       | 7 8 9 10 11 12 14 15 16 17 | 17.8
Axes           | 6 7 8 9 11 12 13 14 15 | 15.3
Armour         | 7 8 10 11 12 14 15 16 17 | 17.6
Dodging        | 5 6 7 8 10 11 12 13 14 | 14.1
Shields        | 6 8 9 11 12 14 15 16 17 | 17.5

Action                   |  1- 3 |  4- 6 |  7- 9 | 10-12 | 13-15 || total
-------------------------+-------+-------+-------+-------+-------++-------
Melee: Broad axe         |     9 |     1 |    36 |   137 |   100 ||   283
Invok: Berserk           |     1 |       |     1 |     6 |     4 ||    12
       Trog's Hand       |       |       |       |     1 |       ||     1
  Use: Scroll            |       |       |       |     6 |     2 ||     8
       Potion            |       |       |       |     1 |       ||     1
  Eat: Chunk             |       |       |       |    10 |     4 ||    14
Armor: Plate armour      |     1 |       |    43 |   151 |    21 ||   216
Dodge: Dodged            |       |       |    12 |    70 |    14 ||    96
Block: Shield            |    14 |     1 |    78 |   332 |   131 ||   556
